 Dungeon Crawl Stone Soup version 0.28-a0-1387-g3a22ab9bdc (webtiles) character file.

Game seed: 5863302469357704801

6491 HallandMoats the Fighter (level 10, -5/82 HPs)
             Began as a Demonspawn Fighter on Jan 2, 2022.
             Was a Follower of Qazlal.
             Killed by divine providence
             ... invoked by an orc priest
              (12 damage)
             ... on level 9 of the Dungeon.
             The game lasted 00:14:11 (6994 turns).

HallandMoats the Fighter (Demonspawn Fighter)       Turns: 6994, Time: 00:14:12

Health: -5/82      AC: 11    Str: 31    XL:     10   Next: 68%
Magic:  6/6        EV: 14    Int: 10    God:    Qazlal [*.....]
Gold:   593        SH:  9    Dex: 14    Spells: 9/9 levels left

rFire   . . .      SeeInvis .   a - +0 eveningstar
rCold   + + +      Faith    .   E - +2 buckler
rNeg    . . .      Spirit   .   F - +0 swamp dragon scales
rPois   +          Reflect  .   (no helmet)
rElec   +          Harm     .   (no cloak)
rCorr   .          Rampage  .   n - +0 pair of gloves of the Bulwark {rElec rPois rC+++ MP-9}
Will    .....                   g - +0 pair of boots
Stlth   +.........              t - amulet of regeneration
HPRegen 1.03/turn               e - +6 ring of strength
MPRegen 0.10/turn               K - +6 ring of strength

@: no status effects
A: powered by death 1, spiny 3, demonic touch 1
a: Renounce Religion


You were on level 9 of the Dungeon.
You worshipped Qazlal.
Qazlal was aware of your devotion.
You visited 2 branches of the dungeon, and saw 10 of its levels.

You collected 593 gold pieces.

Inventory:

Hand Weapons
 a - a +0 eveningstar (weapon)
 b - a +0 dagger of venom
 z - a +0 war axe
Missiles
 c - a throwing net (quivered)
Armour
 g - a +0 pair of boots (worn)
 n - the +0 pair of gloves of the Bulwark (worn) {rElec rPois rC+++ MP-9}
   (You found it on level 2 of the Dungeon)

   rC:        It renders you almost immune to cold.
   rElec:     It insulates you from electricity.
   rPois:     It protects you from poison.
   MP:        It affects your magic capacity (-9).
 E - a +2 buckler (worn)
 F - +0 swamp dragon scales (worn)
Jewellery
 e - a +6 ring of strength (left hand)
 t - an amulet of regeneration (around neck)
 C - a +4 ring of protection
 K - a +6 ring of strength (right hand)
Wands
 L - a wand of flame (14)
Scrolls
 m - a scroll of silence {unknown}
 o - a scroll of fog {unknown}
 p - 2 scrolls of amnesia {unknown}
 r - a scroll of blinking {unknown}
 v - 3 scrolls of teleportation {unknown}
 w - a scroll of fear {unknown}
 y - 2 scrolls of noise {unknown}
 B - 2 scrolls of identify
 D - a scroll of vulnerability {unknown}
 G - 2 scrolls of enchant armour {unknown}
 J - a scroll of enchant weapon {unknown}
Potions
 d - 2 potions of might
 f - a potion of lignification {unknown}
 h - 5 potions of curing
 i - a potion of mutation {unknown}
 j - 2 potions of heal wounds
 k - a potion of invisibility {unknown}
 l - 3 potions of cancellation {unknown}
 q - 2 potions of berserk rage
 s - 3 potions of attraction {unknown}
 x - 3 potions of brilliance {unknown}
 A - a potion of magic {unknown}
 H - 2 potions of resistance {unknown}
 I - 2 potions of haste {unknown}


   Skills:
 + Level 8.8 Fighting
 + Level 6.3 Axes
 + Level 6.7 Armour
 + Level 6.0 Dodging
 + Level 5.7 Shields
 * Level 7.5 Invocations


You had 9 spell levels left.
You didn't know any spells.
Your spell library contained the following spells:

 Spells                   Type           Power      Damage    Failure   Level
 Sandblast                Erth           0%         2d4       45%         1
 Corpse Rot               Necr/Air       0%         N/A       61%         2
 Passwall                 Tmut/Erth      0%         N/A       61%         2
 Poisonous Vapours        Pois/Air       0%         N/A       61%         2
 Scorch                   Fire           0%         2d5       61%         2
 Sublimation of Blood     Necr           0%         N/A       61%         2
 Stone Arrow              Conj/Erth      0%         3d7       83%         3
 Flame Wave               Conj/Fire      0%         2d4       99%         4
 Petrify                  Tmut/Erth      0%         N/A       99%         4
 Irradiate                Conj/Tmut      0%         3d13      100%        5
 Summon Cactus Giant      Summ           0%         N/A       100%        6


Dungeon Overview and Level Annotations

Branches:
Dungeon (9/15)             Temple (1/1) D:7            Lair (0/6) D:8
    Orc (0/2) D:9

Altars:
Ashenzari
Cheibriados
Dithmenos
Elyvilon
Fedhas
Gozag
Hepliaklqana
Makhleb
Nemelex Xobeh
Okawaru
Qazlal
Ru
Sif Muna
Trog
Uskayaw
Vehumet
Wu Jian
Xom
Yredelemnul
Zin

Shops:
D:1 =   D:2 *


Innate Abilities, Weirdness & Mutations

You regenerate a little health from kills.
You are completely covered in sharp spines.
Your touch may inflict minor irresistible damage on your foes.


Message History

The troll zombie is struck by your spines.
The troll zombie bites you. The troll zombie closely misses you.
The troll zombie claws you.
You hit the troll zombie.
The troll zombie is severely damaged.
The troll zombie is struck by your spines.
The troll zombie bites you. You block the troll zombie's attack.
The troll zombie claws you!
You bludgeon the troll zombie!!
You destroy the troll zombie!
Qazlal accepts your kill.
You barely miss the orc zombie.
The orc zombie is struck by your spines.
You destroy the orc zombie!
Qazlal accepts your kill.
A goblin zombie comes into view.
The troll zombie bites you but does no damage.
The troll zombie claws you. x2; The goblin zombie moves out of view.
You thump the troll zombie!
The troll zombie is moderately damaged.
The troll zombie bites you!
* * * LOW HITPOINT WARNING * * *
You block the troll zombie's attack. x2
You completely miss the troll zombie.
The troll zombie is moderately damaged.
The troll zombie bites you but does no damage.
The troll zombie claws you but does no damage.
The troll zombie claws you.
* * * LOW HITPOINT WARNING * * *
You sock the troll zombie!
The troll zombie is heavily damaged.
The orc priest looks braver for a moment.
The troll zombie bites you!
* * * LOW HITPOINT WARNING * * *
The troll zombie claws you.
* * * LOW HITPOINT WARNING * * *
The troll zombie barely misses you.
The orc priest calls down the wrath of Beogh upon you.
Beogh smites you!
You die...

# ......##........ ##..
...##.... ... ##.# #..##..#
#.. ##. ##.# #..##..# #.#
####(.. ##.# #......# #.#
......8 ...# #......# #.#
...o... ...# #......# #.#
##....... #..# #...#..#
#.###Z....... #..###...#..#
#@##Z.8Z.Z..>
#.....<..#..####Z##..Z..ZZ..
#........#.....ZZZ.Z#.......
#..###...#......Zo..#ZZ..ZZ.
#..# #...#...###..###......8
...# #...#...# #..# ####...
...# #...#...# #..# .. ##.#
#.......# #..# # #.#
#.......# #..#


You could see an orc priest, 4 orc zombies and a troll zombie.

Vanquished Creatures
  Pikel (D:8)
  3 centaur zombies
  Maggie (D:7)
  A gargoyle (D:8)
  Grinder (D:3)
  A hornet (D:8)
  Prince Ribbit (D:8)
  A shadow (D:9)
  6 wyverns (D:8)
  A basilisk (D:8)
  Edmund (D:6)
  An acid dragon (D:8)
  2 water moccasins (D:8)
  An ice beast (D:6)
  2 orc warriors (D:8)
  3 black bears
  2 wolves (D:8)
  An ogre (D:5)
  3 lemures (D:8)
  3 phantoms
  3 centaurs
  3 bullfrogs
  A wyvern zombie (D:7)
  4 scorpions
  A wyvern skeleton (D:5)
  2 troll zombies (D:9)
  A howler monkey (D:5)
  2 centaur skeletons (D:5)
  4 orc priests
  5 hounds
  2 jellies (D:6)
  9 orc wizards
  4 iguanas
  2 killer bee zombies
  3 adders
  4 gnolls (D:5)
  A shadow imp (D:6)
  2 white imps (D:7)
  An ufetubus (D:5)
  3 worms
  23 orcs
  9 ball pythons
  6 bats
  9 endoplasms
  A giant cockroach (D:2)
  12 goblins
  10 hobgoblins
  9 kobolds
  3 quokkas
  4 frilled lizards
  A goblin zombie (D:9)
  A hobgoblin skeleton (D:9)
  A hobgoblin zombie (D:9)
  An orc skeleton (D:9)
  3 orc zombies (D:9)
  7 rats
193 creatures vanquished.

Vanquished Creatures (others)
  4 fungi
  8 plants (D:8)
12 creatures vanquished.

Grand Total: 205 creatures vanquished

Notes
Turn   | Place    | Note
-------+----------+-------------------------------------------
     0 | D:1      | HallandMoats the Demonspawn Fighter began the quest for the
                  | Orb.
     0 | D:1      | Reached XP level 1. HP: 18/18 MP: 1/1
   441 | D:1      | Gained mutation: You are partially covered in sharp spines.
                  | [demonic ancestry]
   441 | D:1      | Reached XP level 2. HP: 24/24 MP: 2/2
   545 | D:1      | Found Ganat's Jewellery Boutique.
  1090 | D:2      | Found Vehacuoj's General Store.
  1117 | D:2      | Reached XP level 3. HP: 29/29 MP: 3/3
  1193 | D:2      | Found a faded altar of an unknown god.
  1401 | D:2      | Identified the +0 pair of gloves of the Bulwark {rElec
                  | rPois rC+++ MP-9}
  1468 | D:2      | Reached skill level 1 in Dodging
  1835 | D:3      | Gained mutation: You are mostly covered in sharp spines.
                  | [demonic ancestry]
  1835 | D:3      | Reached XP level 4. HP: 35/35 MP: 0/4
  2024 | D:3      | Noticed Grinder
  2033 | D:3      | Paralysed by Grinder for 4 turns
  2042 | D:3      | Paralysed by Grinder for 2 turns
  2045 | D:3      | HP: 1/35 [Grinder (3)]
  2048 | D:3      | Killed Grinder
  2049 | D:3      | Reached skill level 4 in Fighting
  2049 | D:3      | Gained mutation: Your touch may inflict minor irresistible
                  | damage on your foes. [demonic ancestry]
  2049 | D:3      | Reached XP level 5. HP: 5/42 MP: 0/5
  2049 | D:3      | Reached XP level 6. HP: 6/48 MP: 0/6
  2538 | D:3      | Found a bloodstained altar of Trog.
  3017 | D:4      | You fall into a shaft and drop 1 floor!
  3017 | D:5      | Entered Level 5 of the Dungeon
  3321 | D:4      | Reached XP level 7. HP: 51/55 MP: 0/7
  3392 | D:4      | Reached skill level 5 in Fighting
  3556 | D:4      | Found an ornate altar of the Wu Jian Council.
  4178 | D:5      | Gained mutation: You regenerate a little health from kills.
                  | [demonic ancestry]
  4178 | D:5      | Reached XP level 8. HP: 52/64 MP: 0/8
  4230 | D:5      | Reached skill level 6 in Fighting
  4393 | D:5      | Found a blossoming altar of Fedhas.
  4743 | D:6      | Reached skill level 7 in Fighting
  4743 | D:6      | Reached skill level 5 in Armour
  5001 | D:6      | Noticed Edmund
  5012 | D:6      | Killed Edmund
  5013 | D:6      | Gained mutation: You are completely covered in sharp
                  | spines. [demonic ancestry]
  5013 | D:6      | Reached XP level 9. HP: 61/70 MP: 0/9
  5038 | D:6      | Reached skill level 5 in Axes
  5230 | D:7      | Found a staircase to the Ecumenical Temple.
  5237 | Temple   | Entered the Ecumenical Temple
  5455 | Temple   | Became a worshipper of Qazlal Stormbringer
  5522 | D:7      | Reached skill level 1 in Invocations
  5621 | D:7      | Noticed Maggie
  5637 | D:7      | Killed Maggie
  5638 | D:7      | Reached skill level 8 in Fighting
  5781 | D:7      | Reached skill level 5 in Dodging
  6016 | D:8      | Noticed Pikel
  6061 | D:8      | Killed Pikel
  6062 | D:8      | Reached skill level 5 in Invocations
  6126 | D:8      | Reached skill level 5 in Shields
  6136 | D:8      | Reached XP level 10. HP: 81/81 MP: 4/13
  6167 | D:8      | Found a staircase to the Lair.
  6181 | D:8      | Reached * piety under Qazlal
  6195 | D:8      | Noticed a gargoyle
  6205 | D:8      | Killed a gargoyle
  6408 | D:8      | Noticed Prince Ribbit
  6411 | D:8      | Killed Prince Ribbit
  6961 | D:9      | Found a staircase to the Orcish Mines.
  6994 | D:9      | Killed from afar by an orc priest

Illustrated notes

Levels and vault maps discovered:
D:1:      sevenhm_arrival_forest_fort_small_6, layout_basic, serial_shops, shop
D:2:      minmay_angry_zag, layout_basic, serial_shops, shop,
          hellmonk_ecumenical_altar_blasted
D:3:      layout_loops_cross, lemuel_tele_altar, uniq_grinder
D:4:      cheibrodos_greedy_goblins, layout_cave_pods, amcnicky_altar_gilded,
          lemuel_doored_altar
D:5:      layout_rooms, fedhas_altar_3
D:6:      layout_rooms, uniq_edmund
D:7:      layout_rooms, zin_academy, minmay_temple_entry_crystal_x, uniq_maggie
D:8:      layout_basic, minmay_lair_entry_grove, uniq_pikel, uniq_prince_ribbit1
D:9:      layout_long_grid, mainiacjoe_overflow_surrounded_room,
          zombieorc2_lemuel, nicolae_shop_overcharged_wands
Temple:   regret_index_temple_generic_petals

Skill      XL: |  1  2  3  4  5  6  7  8  9 10 |
---------------+-------------------------------+-----
Axes           | 2 3 4 5 6 |  6.3
Shields        | 3 4 5 |  5.7
Armour         | 3 4 5 6 |  6.7
Dodging        | 1 2 3 4 5 6 |  6.0
Fighting       | 4 5 7 8 |  8.8
Invocations    | 5 7 |  7.5

Action                   |  1- 3 |  4- 6 |  7- 9 | 10-12 || total
-------------------------+-------+-------+-------+-------++-------
Melee: War axe           |    81 |       |       |       ||    81
       Dagger            |    14 |    94 |    47 |       ||   155
       Eveningstar       |       |       |   170 |    83 ||   253
  Use: Potion            |       |     1 |     2 |     1 ||     4
       Scroll            |       |       |     3 |       ||     3
Armor: Scale mail        |    41 |    12 |       |       ||    53
       Leather armour    |       |    17 |    93 |    34 ||   144
       Swamp dragon scal |       |       |       |    13 ||    13
Dodge: Dodged            |    39 |    29 |   144 |    59 ||   271
Block: Buckler           |    20 |    12 |    92 |    59 ||   183

Table legend: (Time is in decaauts)
 A = Elapsed time spent in this place.
 B = Non-inter-level travel time spent in this place.
 C = Inter-level travel time spent in this place.
 D = Time resting spent in this place.
 E = Time spent auto-exploring this place.
 F = Levels seen in this place.
 G = Mean time per level.
                   A        B        C        D        E       F      G
               +--------+--------+--------+--------+--------+-----+--------+
         Total |   7116 |   6871 |    245 |    786 |   4312 |  10 |  711.6 |
       Dungeon |   6871 |   6659 |    212 |    786 |   4142 |   9 |  763.4 |
        Temple |    245 |    212 |     33 |      0 |    170 |   1 |  245.0 |
               +--------+--------+--------+--------+--------+-----+--------+

Top non-repeatable levels by time:
     D:4: 1109 daAuts
     D:3: 1080 daAuts
     D:1: 1031 daAuts
     D:8: 960 daAuts
     D:2: 797 daAuts
     D:5: 713 daAuts
     D:6: 559 daAuts
     D:7: 518 daAuts
  Temple: 245 daAuts
     D:9: 100 daAuts
